[Event "Titled Tuesday Blitz December 13 Late 2022"]
[White "Andreassen, Lars"]
[Black "Karas, Marek"]
[WhiteFideId "1504878"]
[BlackFideId "14928558"]
[WhiteElo "2119"]
[BlackElo "2247"]
[Result "0-1"]
[Round "04"]
[TimeControl "180+1"]
[Date "2022.12.14"]
[WhiteClock "0:00:09"]
[BlackClock "0:00:48"]

1. d4 Nf6 2. Nf3 c5 3. e3 d5 4. c4 e6 5. cxd5 exd5 6. Nc3 Nc6 7. Be2 a6 8. b3 Bg4 9. Bb2 Bd6 10. dxc5 Bxc5 11. Rc1 Ba7 12. O-O O-O 13. Nd4 Bxd4 14. Bxg4 Be5 15. Bf3 Qa5 16. Ba1 Rad8 17. a4 d4 18. Ne4 dxe3 19. Qe2 Bxa1 20. Rxa1 exf2+ 21. Qxf2 Nxe4 22. Bxe4 Rd6 23. Rad1 Rxd1 24. Rxd1 Rd8 25. Rf1 Rf8 26. Qc2 g6 27. Bxc6 Qb6+ 28. Kh1 Qxc6 29. Qxc6 bxc6 30. Rc1 Rc8 31. Rc5 Kf8 32. g4 Ke7 33. Kg2 Kd6 34. Ra5 Ra8 35. Kf3 Kc7 36. g5 Ra7 37. Ke4 Kb6 38. Re5 Rd7 39. b4 Kc7 40. a5 Kd8 41. Kf4 Rd2 42. h4 Rd4+ 43. Kg3 Rxb4 44. Rc5 Kd7 45. Rc3 Rb5 46. Rf3 Rf5 47. Rd3+ Kc7 48. Kg4 Rxa5 49. Re3 Rd5 50. Re7+ Rd7 51. Re3 c5 52. Re5 Kc6 0-1


[Site "https://www.chess.com"]

[Event "Titled Tuesday Blitz December 13 Late 2022"]
[White "Andrews, Todd"]
[Black "Arkell, Keith C"]
[WhiteFideId "2012456"]
[BlackFideId "400270"]
[WhiteElo "2359"]
[BlackElo "2356"]
[Result "1/2-1/2"]
[Round "04"]
[TimeControl "180+1"]
[Date "2022.12.14"]
[WhiteClock "0:00:03"]
[BlackClock "0:00:15"]

1. e4 c6 2. d4 d5 3. Nc3 dxe4 4. Nxe4 Nd7 5. c3 Ngf6 6. Ng3 c5 7. dxc5 e6 8. Nf3 Bxc5 9. Bd3 O-O 10. O-O a6 11. Qe2 b5 12. Bg5 Bb7 13. Rad1 Qc7 14. Ne4 Nxe4 15. Bxe4 Bxe4 16. Qxe4 h6 17. Bf4 Qa7 18. Qc6 Nf6 19. Ne5 Rac8 20. Qf3 Nd5 21. Bc1 Qe7 22. Qg4 Kh7 23. h4 Rfd8 24. g3 Qf6 25. Qe4+ Kg8 26. Kg2 h5 27. Bg5 Qf5 28. Qxf5 exf5 29. Bxd8 Rxd8 30. b4 Bb6 31. Nc6 Rc8 32. Rxd5 Rxc6 33. Rxf5 Rxc3 34. Rxh5 Rc2 35. a3 Ra2 36. Rc1 g6 37. Rd5 Bxf2 38. Rc8+ Kg7 39. Rd7 Be1+ 40. Kf3 Rxa3+ 41. Ke4 Rxg3 42. Rcc7 Rg4+ 43. Kf3 Rxh4 44. Rxf7+ Kh6 45. Rh7+ Kg5 46. Rc5+ Kf6 47. Rc6+ Kg5 48. Rxh4 Kxh4 49. Rxa6 Bxb4 50. Rxg6 Bc3 51. Kf4 Bd2+ 52. Ke4 b4 53. Kd3 Bc3 54. Kc4 Kh5 55. Rg8 Kh4 56. Kd5 Kh3 57. Ke4 Kh2 58. Kf3 Kh1 59. Rg2 Be5 60. Re2 Bd6 61. Rd2 Bc7 62. Rb2 Bd6 63. Kg4 Kg1 64. Kf3 Kh1 65. Rc2 Be5 66. Re2 Bd6 67. Rd2 Bc7 68. Rd4 Be5 69. Rxb4 Bd6 70. Rg4 Be5 71. Rg2 Bd6 72. Rd2 Bc7 73. Rd1+ Kh2 74. Rc1 Bd6 75. Rc6 Be5 76. Ke4 Bb8 77. Rg6 Kh1 78. Kf3 Be5 79. Kf2 Bd4+ 80. Kf3 Bc5 81. Rg5 Bd4 82. Rg4 Bc5 83. Rh4+ Kg1 84. Rh5 Bb6 85. Rb5 Bc7 86. Rb7 Bd6 87. Rd7 Be5 88. Rd1+ Kh2 89. Rc1 Bd6 90. Rc2+ Kh1 91. Rc6 Be5 92. Rh6+ Kg1 93. Rh5 Bd6 94. Rd5 Bc7 95. Rd2 Be5 96. Rg2+ Kh1 97. Kf2 Bd4+ 98. Kf1 Bc5 99. Rg5 Bd6 100. Rh5+ Bh2 101. Rg5 Bf4 102. Rg4 Be5 103. Kf2 Bd6 104. Rh4+ Bh2 105. Kf3 Kg1 106. Rg4+ Kh1 107. Rh4 Kg1 108. Rh3 Kh1 109. Rh5 Kg1 110. Rb5 Kh1 111. Rb1+ Bg1 112. Ke2 Kg2 113. Rb2 Kh1 114. Rc2 Kg2 115. Ke1+ Kh1 116. Kf1 Bh2 117. Rg2 Be5 118. Rg5 Bh2 119. Kf2 1/2-1/2


[Site "https://www.chess.com"]

[Event "Titled Tuesday Blitz December 13 Late 2022"]
[White "Ankerst, Mihael"]
[Black "Mitrovic, Darko R"]
[WhiteFideId "14602369"]
[BlackFideId "927023"]
[WhiteElo "2336"]
[BlackElo "2150"]
[Result "1-0"]
[Round "04"]
[TimeControl "180+1"]
[Date "2022.12.14"]
[WhiteClock "0:02:15"]
[BlackClock "0:00:04"]

1. e4 e6 2. d4 d5 3. Nc3 Bb4 4. e5 c5 5. dxc5 Bxc3+ 6. bxc3 Ne7 7. Nf3 Nd7 8. Bd3 Nxc5 9. O-O Nxd3 10. cxd3 h6 11. Re1 Bd7 12. Nd4 Rc8 13. Bd2 b5 14. Rb1 a6 15. Qg4 g6 16. h4 Nf5 17. Nxf5 exf5 18. Qb4 Be6 19. a4 Qe7 20. axb5 Qxb4 21. Rxb4 axb5 22. Rxb5 Kf8 23. Ra1 Kg7 24. Ra7 Rb8 25. Rbb7 Rxb7 26. Rxb7 Ra8 27. Be3 Ra1+ 28. Kh2 Rd1 29. Bc5 Rxd3 30. Be7 Rxc3 31. Bf6+ Kh7 32. Rb8 Rc8 33. Rb4 Rc4 34. Rb8 Rc8 35. Rb7 g5 36. h5 d4 37. Kg3 d3 38. Kf3 d2 39. Ke2 1-0


[Site "https://www.chess.com"]

[Event "Titled Tuesday Blitz December 13 Late 2022"]
[White "Arnold, Ken"]
[Black "Campelo, Leandro Fabricio"]
[WhiteFideId "2056836"]
[BlackFideId "2103346"]
[WhiteElo "2365"]
[BlackElo "2070"]
[Result "1-0"]
[Round "04"]
[TimeControl "180+1"]
[Date "2022.12.14"]
[WhiteClock "0:02:39"]
[BlackClock "0:01:54"]

1. d4 Nf6 2. c4 g6 3. Nf3 Bg7 4. Nc3 d6 5. e4 O-O 6. Be2 e5 7. Bg5 h6 8. dxe5 dxe5 9. Qxd8 Rxd8 10. Bxf6 Bxf6 11. Nd5 Rd6 12. Nxc7 Nc6 13. Nxa8 Bd8 14. O-O b6 15. Rad1 Rxd1 16. Rxd1 Bb7 17. Rxd8+ Nxd8 18. Nc7 Bxe4 19. Nxe5 1-0


[Site "https://www.chess.com"]

[Event "Titled Tuesday Blitz December 13 Late 2022"]
[White "Averjanov, Alexey"]
[Black "Suarez Uriel, Adrian"]
[WhiteFideId "14109867"]
[BlackFideId "22230874"]
[WhiteElo "2642"]
[BlackElo "2331"]
[Result "1-0"]
[Round "04"]
[TimeControl "180+1"]
[Date "2022.12.14"]
[WhiteClock "0:00:07"]
[BlackClock "0:00:19"]

1. d4 Nf6 2. c4 b6 3. Nf3 Bb7 4. Nbd2 g6 5. g3 Bg7 6. b3 c5 7. Bg2 cxd4 8. O-O O-O 9. Bb2 d5 10. Nxd4 Qd7 11. e3 Na6 12. Qe2 Nc5 13. Rfd1 Rfd8 14. Rac1 Rac8 15. cxd5 Nxd5 16. Nc4 Qe8 17. e4 Nb4 18. e5 Bxg2 19. Kxg2 Nxa2 20. Ra1 Nb4 21. Rxa7 b5 22. Na3 Nc6 23. Nxc6 Qxc6+ 24. Kg1 b4 25. Nc4 Nxb3 26. Rxd8+ Rxd8 27. Rxe7 Nd4 28. Bxd4 Rxd4 29. Nd6 Bxe5 30. Nxf7 Re4 31. Qd1 Rd4 32. Qe2 Re4 33. Qd1 Qc3 34. Qd8+ Kg7 35. Nxe5+ Kh6 36. Qf8+ Kg5 37. h4+ Kh5 38. Rxh7# 1-0


[Site "https://www.chess.com"]

[Event "Titled Tuesday Blitz December 13 Late 2022"]
[White "Ballester Llagaria, Luis Eduardo"]
[Black "Jacobson, Brandon"]
[WhiteFideId "2297620"]
[BlackFideId "30901561"]
[WhiteElo "2344"]
[BlackElo "2451"]
[Result "0-1"]
[Round "04"]
[TimeControl "180+1"]
[Date "2022.12.13"]
[WhiteClock "0:00:51"]
[BlackClock "0:02:08"]

1. e4 g6 2. d4 Bg7 3. Nc3 d6 4. Be3 a6 5. f4 b5 6. Bd3 Bb7 7. Nf3 Nd7 8. Qe2 c5 9. dxc5 Nxc5 10. Bxc5 dxc5 11. e5 Nh6 12. O-O-O Qc8 13. Be4 O-O 14. h3 Nf5 15. Bxb7 Qxb7 16. Ne4 Rfd8 17. g4 Nd4 18. Qe3 Rac8 19. Nxd4 cxd4 20. Rxd4 Rxd4 21. Qxd4 Rc4 22. Qd8+ Bf8 23. Ng3 Qf3 24. Rg1 Qe3+ 0-1


[Site "https://www.chess.com"]

[Event "Titled Tuesday Blitz December 13 Late 2022"]
[White "Banzea, Alexandru-Bogdan"]
[Black "Torres Dominguez, David"]
[WhiteFideId "1232622"]
[BlackFideId "2220857"]
[WhiteElo "2294"]
[BlackElo "2037"]
[Result "1-0"]
[Round "04"]
[TimeControl "180+1"]
[Date "2022.12.14"]
[WhiteClock "0:00:11"]
[BlackClock "0:00:03"]

1. d4 e5 2. dxe5 d6 3. Nf3 Bg4 4. Bf4 Nc6 5. exd6 Qf6 6. Qc1 Bxd6 7. Bxd6 Qxd6 8. Nbd2 O-O-O 9. c3 Nf6 10. e3 Rhe8 11. Bb5 Ne5 12. Be2 h5 13. O-O Bxf3 14. Nxf3 Nfg4 15. Nxe5 Qxe5 16. g3 f5 17. Qc2 h4 18. Rad1 hxg3 19. hxg3 g6 20. Rxd8+ Rxd8 21. Bxg4 fxg4 22. Qxg6 Kb8 23. Qxg4 Rh8 24. Kg2 Qd5+ 25. e4 Qxa2 26. Qg7 Rg8 27. Qh7 b6 28. Rd1 Qc4 29. Rd7 Re8 30. Re7 Rf8 31. Qg7 Rd8 32. Qf7 Qc6 33. Qe6 Qc5 34. Re8 Rxe8 35. Qxe8+ Kb7 36. Qe6 Qf8 37. e5 Qd8 38. c4 Qd3 39. Qd5+ Qxd5+ 40. cxd5 Kc8 41. f4 Kd7 42. f5 a5 43. g4 b5 44. Kf3 a4 45. Ke3 b4 46. Kd3 a3 47. bxa3 bxa3 48. Kc3 a2 49. Kb2 c6 50. dxc6+ Kxc6 51. g5 Kd5 52. g6 Kxe5 53. g7 Kxf5 54. g8=R Kf6 55. Kxa2 1-0


[Site "https://www.chess.com"]

[Event "Titled Tuesday Blitz December 13 Late 2022"]
[White "Bluebaum, Matthias"]
[Black "Taboas Rodriguez, Daniel"]
[WhiteFideId "24651516"]
[BlackFideId "2208466"]
[WhiteElo "2634"]
[BlackElo "2329"]
[Result "1-0"]
[Round "04"]
[TimeControl "180+1"]
[Date "2022.12.13"]
[WhiteClock "0:01:29"]
[BlackClock "0:00:34"]

1. d4 Nf6 2. c4 g6 3. Nc3 Bg7 4. e4 d6 5. Nf3 O-O 6. Be2 e5 7. Be3 Nbd7 8. O-O Qe7 9. d5 Ng4 10. Bd2 f5 11. Ng5 Ngf6 12. Ne6 Nc5 13. Nxf8 Qxf8 14. exf5 gxf5 15. f4 e4 16. Be3 Bd7 17. b4 Na6 18. a3 Qf7 19. Rc1 Kh8 20. c5 Rg8 21. Kh1 h5 22. Bd4 Kh7 23. cxd6 cxd6 24. Nb5 Bxb5 25. Bxb5 Qxd5 26. Bxf6 Qxb5 27. Qxh5+ Bh6 28. Qf7+ Bg7 29. Rfe1 Qe8 30. Qxb7 Qg6 31. Bg5 Nb8 32. Rc8 Qe6 33. Rxb8 Rxb8 34. Qxb8 Bc3 35. Qc7+ Kg6 36. Qxc3 1-0


[Site "https://www.chess.com"]

[Event "Titled Tuesday Blitz December 13 Late 2022"]
[White "Bortnyk, Olexandr"]
[Black "Abdrlauf, Elham"]
[WhiteFideId "14120828"]
[BlackFideId "1533533"]
[WhiteElo "2723"]
[BlackElo "2454"]
[Result "1-0"]
[Round "04"]
[TimeControl "180+1"]
[Date "2022.12.13"]
[WhiteClock "0:01:57"]
[BlackClock "0:00:01"]

1. e4 c6 2. d4 d5 3. Nc3 dxe4 4. Nxe4 Nf6 5. Nxf6+ exf6 6. c3 Bd6 7. Bd3 O-O 8. Qc2 Re8+ 9. Ne2 h5 10. O-O h4 11. Nf4 Qc7 12. g3 Nd7 13. Qd1 Nf8 14. Qh5 hxg3 15. hxg3 Qd7 16. f3 Bxf4 17. Bxf4 Qh3 18. Qxh3 Bxh3 19. Rfe1 Be6 20. Kf2 Ng6 21. Be3 Rad8 22. a4 Ne7 23. g4 Nd5 24. Bd2 Nb6 25. a5 Nc4 26. Rxe6 Nxd2 27. Rxe8+ Rxe8 28. b4 Kf8 29. Rd1 Nb3 30. Rb1 Nd2 31. Rb2 1-0


[Site "https://www.chess.com"]

[Event "Titled Tuesday Blitz December 13 Late 2022"]
[White "Boruchovsky, Avital"]
[Black "Crevatin, Leo"]
[WhiteFideId "2800055"]
[BlackFideId "1726307"]
[WhiteElo "2450"]
[BlackElo "2190"]
[Result "0-1"]
[Round "04"]
[TimeControl "180+1"]
[Date "2022.12.13"]
[WhiteClock "0:00:01"]
[BlackClock "0:00:02"]

1. c4 Nf6 2. Nc3 c5 3. Nf3 Nc6 4. d4 cxd4 5. Nxd4 e6 6. a3 d5 7. cxd5 exd5 8. Bg5 Be7 9. e3 O-O 10. Nxc6 bxc6 11. Be2 Rb8 12. Qc2 Qb6 13. Na4 Qb3 14. Bd1 Qxc2 15. Bxc2 c5 16. O-O-O Be6 17. Rd2 h6 18. Bh4 Rfd8 19. Rhd1 Rbc8 20. Kb1 Kf8 21. f3 Nd7 22. Bxe7+ Kxe7 23. Ka1 Nf6 24. Rc1 Rd7 25. Bd1 Rdc7 26. Rdc2 Nd7 27. Be2 c4 28. b3 Nc5 29. Nxc5 Rxc5 30. bxc4 dxc4 31. e4 g5 32. Kb2 Rb5+ 33. Ka1 Rb3 34. Rc3 Rcb8 35. Rxb3 Rxb3 36. Ka2 c3 37. Ka1 Rxa3+ 38. Kb1 Rb3+ 39. Ka1 Ra3+ 40. Kb1 Rb3+ 41. Kc2 Rb2+ 42. Kd3 Bc4+ 43. Kxc4 Rxe2 44. Rxc3 Rxg2 45. Ra3 Rxh2 46. Kd5 Kf6 47. Ra6+ Kg7 48. Rxa7 Rf2 49. Ra3 h5 50. Ke5 h4 51. Kf5 Rg2 52. f4 g4 0-1


[Site "https://www.chess.com"]

[Event "Titled Tuesday Blitz December 13 Late 2022"]
[White "Bryant, Todd"]
[Black "Janaszak, Dawid"]
[WhiteFideId "2031299"]
[BlackFideId "1119206"]
[WhiteElo "2335"]
[BlackElo "2220"]
[Result "0-1"]
[Round "04"]
[TimeControl "180+1"]
[Date "2022.12.14"]
[WhiteClock "0:00:20"]
[BlackClock "0:01:46"]

1. e4 c5 2. Nf3 e6 3. d4 cxd4 4. Nxd4 a6 5. Bd3 g6 6. O-O Bg7 7. Nb3 Nc6 8. N1d2 Nf6 9. Nc4 d5 10. exd5 Nxd5 11. a4 O-O 12. a5 Qc7 13. Qf3 Bd7 14. Nc5 Nd4 15. Qh3 Qxc5 16. Bh6 Bb5 17. Bxg7 Kxg7 18. Ne5 Nf4 19. Qe3 Nxd3 20. cxd3 Nb3 21. Qxc5 Nxc5 22. Rfd1 Rfd8 23. d4 Nb3 24. Ra3 Nxd4 25. Re1 Nc2 0-1


[Site "https://www.chess.com"]

[Event "Titled Tuesday Blitz December 13 Late 2022"]
[White "Budisavljevic, Luka"]
[Black "Meduri, Aakaash"]
[WhiteFideId "960047"]
[BlackFideId "2032252"]
[WhiteElo "2424"]
[BlackElo "2113"]
[Result "0-1"]
[Round "04"]
[TimeControl "180+1"]
[Date "2022.12.14"]
[WhiteClock "0:01:59"]
[BlackClock "0:01:30"]

1. b3 g6 2. Bb2 Nf6 3. e4 d6 4. f4 Bg7 5. e5 dxe5 6. fxe5 Nd5 7. Na3 O-O 8. h4 Nc6 9. Qe2 h5 10. O-O-O Bg4 11. Nf3 a5 12. Qe4 a4 13. Bc4 e6 14. Be2 axb3 15. axb3 Qe7 16. Nc4 Ncb4 17. Nd4 c5 18. Bxg4 cxd4 19. Bf3 Rfc8 20. Qxd4 b5 21. Bxd5 exd5 22. Ne3 Bxe5 23. Qxe5 Nd3+ 24. Kb1 Nxe5 25. Nxd5 Qd6 26. Rhe1 Qxd5 27. Rxe5 Qxg2 28. Rxb5 Qe2 29. Rg1 Qxb5 0-1


[Site "https://www.chess.com"]

[Event "Titled Tuesday Blitz December 13 Late 2022"]
[White "Bulgurlu, Okan"]
[Black "Gasparyan, David"]
[WhiteFideId "6352316"]
[BlackFideId "13311980"]
[WhiteElo "2224"]
[BlackElo "2409"]
[Result "0-1"]
[Round "04"]
[TimeControl "180+1"]
[Date "2022.12.14"]
[WhiteClock "0:00:10"]
[BlackClock "0:00:22"]

1. e4 c5 2. Nc3 Nc6 3. g3 g6 4. Bg2 Bg7 5. Nge2 Nf6 6. O-O O-O 7. d3 d6 8. Be3 Ng4 9. Qd2 Nxe3 10. fxe3 Rb8 11. Rae1 Bd7 12. d4 b5 13. Rd1 cxd4 14. exd4 b4 15. Nd5 Bg4 16. c3 bxc3 17. bxc3 e6 18. Ne3 Bxe2 19. Qxe2 Qa5 20. d5 exd5 21. Nxd5 Ne5 22. Rc1 Kh8 23. c4 Qa3 24. Rc2 h5 25. h3 Qxg3 26. Qf2 Qg5 27. Qxa7 Nc6 28. Qc7 Rbc8 29. Qd7 Ne5 30. Qe7 Qxe7 31. Nxe7 Rxc4 32. Rxc4 Nxc4 33. Rc1 Nb2 34. Rc6 Be5 35. Nd5 Ra8 36. Nb4 Ra4 37. Rc8+ Kg7 38. Rb8 Bc3 39. Nd5 Bd4+ 40. Kf1 Rxa2 41. Rb7 Nd3 42. Rb1 Rf2+ 43. Kg1 Rb2+ 44. Kh2 Be5+ 0-1


[Site "https://www.chess.com"]

[Event "Titled Tuesday Blitz December 13 Late 2022"]
[White "Burke, Paul"]
[Black "Rosenberg, Evan S"]
[WhiteFideId "2605767"]
[BlackFideId "2019299"]
[WhiteElo "1921"]
[BlackElo "2425"]
[Result "1/2-1/2"]
[Round "04"]
[TimeControl "180+1"]
[Date "2022.12.14"]
[WhiteClock "0:01:53"]
[BlackClock "0:01:10"]

1. e4 e5 2. Nf3 Nc6 3. Bc4 Nf6 4. d4 exd4 5. O-O Nxe4 6. Re1 d5 7. Bxd5 Qxd5 8. Nc3 Qh5 9. Nxe4 Be7 10. Bg5 Be6 11. Bxe7 Nxe7 12. Nxd4 Qxd1 13. Raxd1 O-O-O 14. Nxe6 Rxd1 15. Rxd1 fxe6 16. Ng5 Nf5 17. Nxe6 Re8 18. Nf4 g5 19. Nd5 Nd4 20. c3 Ne2+ 21. Kf1 Nf4 1/2-1/2


[Site "https://www.chess.com"]

[Event "Titled Tuesday Blitz December 13 Late 2022"]
[White "Cardozo Munar, Carlos Eduardo"]
[Black "Rian, Kapriaga"]
[WhiteFideId "4409477"]
[BlackFideId "7103263"]
[WhiteElo "2067"]
[BlackElo "2277"]
[Result "0-1"]
[Round "04"]
[TimeControl "180+1"]
[Date "2022.12.14"]
[WhiteClock "0:00:10"]
[BlackClock "0:00:08"]

1. d4 Nf6 2. Bg5 d5 3. Nd2 Nbd7 4. e3 g6 5. g3 Bg7 6. Bg2 O-O 7. Ne2 c6 8. O-O e5 9. dxe5 Nxe5 10. e4 dxe4 11. Nxe4 Qxd1 12. Raxd1 Nxe4 13. Bxe4 Bg4 14. f3 Be6 15. b3 f5 16. Bd3 h6 17. Bf4 c5 18. c4 Rfd8 19. Bxe5 Bxe5 20. Bc2 a6 21. Kg2 Kf7 22. h3 b5 23. cxb5 axb5 24. Rxd8 Rxd8 25. Rd1 Ra8 26. Bb1 c4 27. bxc4 Bxc4 28. Kf2 Bxa2 29. f4 Bf6 30. Bxa2+ Rxa2 31. Rb1 Rb2 32. Rxb2 Bxb2 33. Ke3 Ke6 34. Kd3 Kd5 35. g4 fxg4 36. hxg4 h5 37. f5 hxg4 38. fxg6 Be5 39. Nf4+ Kd6 40. Nh5 Ke7 41. Ke4 Bc3 42. g7 Kf7 43. Kf5 b4 44. Nf4 b3 45. Ne2 Bxg7 46. Kxg4 b2 47. Ng3 b1=Q 48. Ne4 Qxe4+ 0-1


[Site "https://www.chess.com"]

[Event "Titled Tuesday Blitz December 13 Late 2022"]
[White "Cruz, William Ferreira Da"]
[Black "Arbunic Castro, Giovanna"]
[WhiteFideId "2118050"]
[BlackFideId "3400549"]
[WhiteElo "2223"]
[BlackElo "1952"]
[Result "1-0"]
[Round "04"]
[TimeControl "180+1"]
[Date "2022.12.14"]
[WhiteClock "0:00:33"]
[BlackClock "0:00:10"]

1. d4 Nf6 2. c4 g6 3. Nc3 Bg7 4. e4 d6 5. Nf3 O-O 6. Be2 e5 7. O-O Nc6 8. d5 Ne7 9. Ne1 Ne8 10. Be3 f5 11. f3 Nf6 12. c5 Bd7 13. Nd3 f4 14. Bf2 g5 15. c6 bxc6 16. dxc6 Bxc6 17. Nb4 Bd7 18. Rc1 Qe8 19. Nbd5 Nexd5 20. Nxd5 Nxd5 21. Qxd5+ Be6 22. Qa5 c5 23. Rfd1 Rd8 24. Qxa7 Qg6 25. h3 h5 26. Qc7 Rd7 27. Qc6 Rfd8 28. Bc4 Bf8 29. Bxe6+ Qxe6 30. Qd5 Kf7 31. a4 Qxd5 32. Rxd5 Rb8 33. Rd2 Ke6 34. Ra1 Ra7 35. Ra2 Rb4 36. a5 Rb5 37. Be1 Rbxa5 38. Rxd6+ Bxd6 39. Rxa5 Rxa5 40. Bxa5 c4 41. Kf1 Bc5 42. Ke2 Bd4 43. Bd8 Bxb2 44. Bxg5 Kd6 45. Kd2 Kc5 46. Kc2 Bd4 47. Bh4 Kb4 48. Be1+ Ka3 49. Bc3 Ka4 50. Be1 Kb5 51. g4 Kc5 52. gxh5 Kd6 53. h6 1-0


[Site "https://www.chess.com"]

[Event "Titled Tuesday Blitz December 13 Late 2022"]
[White "Curtis, John"]
[Black "Winterberg, Lukas"]
[WhiteFideId "3200256"]
[BlackFideId "24622702"]
[WhiteElo "2203"]
[BlackElo "2350"]
[Result "0-1"]
[Round "04"]
[TimeControl "180+1"]
[Date "2022.12.14"]
[WhiteClock "0:00:01"]
[BlackClock "0:01:33"]

1. e4 e6 2. d4 d5 3. exd5 exd5 4. c4 Bb4+ 5. Bd2 Bxd2+ 6. Qxd2 Nf6 7. cxd5 O-O 8. Nc3 Nxd5 9. Be2 Re8 10. Nf3 Nc6 11. h3 Nxc3 12. bxc3 Qe7 13. O-O Bxh3 14. Rfe1 Bd7 15. Bc4 Qf6 16. Ne5 Nxe5 17. dxe5 Qe7 18. Rab1 Rad8 19. Qe3 b6 20. Rbd1 Be6 21. Rxd8 Rxd8 22. Bxe6 Qxe6 23. Qe2 h6 24. c4 Rd4 25. Rc1 c5 0-1


[Site "https://www.chess.com"]

[Event "Titled Tuesday Blitz December 13 Late 2022"]
[White "Danielyan, Vahe"]
[Black "Pasti, Aron"]
[WhiteFideId "13304828"]
[BlackFideId "785857"]
[WhiteElo "2423"]
[BlackElo "2250"]
[Result "0-1"]
[Round "04"]
[TimeControl "180+1"]
[Date "2022.12.14"]
[WhiteClock "0:02:12"]
[BlackClock "0:00:47"]

1. d4 Nf6 2. c4 e6 3. Bf4 d5 4. cxd5 exd5 5. e3 c6 6. Bd3 Bd6 7. Ne2 O-O 8. O-O h6 9. Nbc3 Be6 10. Qc2 Qe7 11. Rab1 Nbd7 12. Bxd6 Qxd6 13. b4 a6 14. h3 b5 15. Rfc1 Nb6 16. Nf4 Nc4 17. Bxc4 bxc4 18. a4 Rfb8 19. Qb2 Bf5 20. Ra1 Rxb4 21. Qa3 a5 22. Nfe2 Rab8 23. Ng3 Bd3 24. Rd1 Qc7 25. Rac1 h5 26. Nb5 cxb5 27. Rxd3 Rxa4 28. Qc3 b4 29. Qb2 c3 30. Qc2 Ra3 31. Qe2 g6 32. e4 dxe4 33. Nxe4 Nxe4 34. Qxe4 Ra2 35. d5 Qd6 36. Qc4 Rb2 37. Qc6 Qxc6 38. dxc6 Rc8 39. Rd6 c2 40. Kh2 b3 41. Re1 Rb1 0-1


[Site "https://www.chess.com"]

[Event "Titled Tuesday Blitz December 13 Late 2022"]
[White "De Souza, Cristiano Gomes"]
[Black "Aggelis, Nikolaos"]
[WhiteFideId "2151758"]
[BlackFideId "4213220"]
[WhiteElo "2068"]
[BlackElo "2189"]
[Result "0-1"]
[Round "04"]
[TimeControl "180+1"]
[Date "2022.12.14"]
[WhiteClock "0:00:11"]
[BlackClock "0:00:46"]

1. d4 b5 2. Nf3 Bb7 3. g3 e6 4. Bg2 Nf6 5. O-O Be7 6. b3 b4 7. Bb2 O-O 8. c4 bxc3 9. Nxc3 c5 10. dxc5 Na6 11. Na4 Nxc5 12. Nxc5 Bxc5 13. Rc1 Be7 14. Ne5 Bxg2 15. Kxg2 a5 16. Qd3 a4 17. Rfd1 axb3 18. axb3 Ra7 19. f3 Qa8 20. Ra1 Rxa1 21. Rxa1 Qb7 22. Nc4 d5 23. Nd2 Rb8 24. Bd4 h6 25. Ra7 Qb4 26. Qc3 Qxc3 27. Bxc3 Bc5 28. Rc7 Be3 29. b4 Bb6 30. Rc6 Kf8 31. Nb3 Ke8 32. Be5 Rb7 33. Na5 Bxa5 34. bxa5 Kd7 35. Rd6+ Kc8 36. Bxf6 gxf6 37. Kh3 Ra7 38. Rb6 Rxa5 39. Rb4 Ra2 40. e4 dxe4 41. Rxe4 Ra5 42. Rh4 h5 43. g4 hxg4+ 44. fxg4 Ra3+ 45. Kg2 Kd7 46. Rh7 Ke7 47. h4 Ra5 48. Kg3 Kf8 49. Rh6 Kg7 50. Rh5 Rxh5 51. gxh5 f5 52. Kf4 f6 53. Kg3 Kh6 0-1


[Site "https://www.chess.com"]

[Event "Titled Tuesday Blitz December 13 Late 2022"]
[White "Dias, Joao Batista"]
[Black "Polster, Christian"]
[WhiteFideId "2108240"]
[BlackFideId "12965081"]
[WhiteElo "1898"]
[BlackElo "2195"]
[Result "0-1"]
[Round "04"]
[TimeControl "180+1"]
[Date "2022.12.14"]
[WhiteClock "0:01:44"]
[BlackClock "0:01:17"]

1. e4 c5 2. Nf3 d6 3. b3 Nf6 4. Nc3 Nc6 5. h3 g6 6. Bb5 Bg7 7. Bxc6+ bxc6 8. Bb2 O-O 9. d3 d5 10. O-O c4 11. Rb1 d4 12. Ne2 c3 13. Bc1 Ne8 14. a4 e5 15. Ba3 Nd6 16. Nh2 f5 17. exf5 Nxf5 18. Bxf8 Bxf8 19. g4 Nh4 20. Ng3 Bh6 21. Qe2 Bf4 22. Nf3 Be6 23. Nxe5 Bxe5 24. Qxe5 Nf3+ 0-1


[Site "https://www.chess.com"]

[Event "Titled Tuesday Blitz December 13 Late 2022"]
[White "Domingo Nunez, Alejandro"]
[Black "Pein, Jonathan"]
[WhiteFideId "22245561"]
[BlackFideId "417092"]
[WhiteElo "2242"]
[BlackElo "2225"]
[Result "0-1"]
[Round "04"]
[TimeControl "180+1"]
[Date "2022.12.14"]
[WhiteClock "0:00:04"]
[BlackClock "0:00:09"]

1. e4 e5 2. Nf3 d6 3. Bc4 Nf6 4. Nc3 g6 5. O-O Bg7 6. d4 exd4 7. Nxd4 O-O 8. h3 Re8 9. Re1 Nc6 10. Nb3 a5 11. Bb5 Bd7 12. f4 a4 13. Bxa4 Nxe4 14. Nxe4 Rxa4 15. Nf2 Rxe1+ 16. Qxe1 Bf5 17. c3 h5 18. Be3 Be6 19. Qd1 Qa8 20. a3 Ne7 21. Nd3 Nf5 22. Bf2 Re4 23. Nd2 Ra4 24. Qf3 b6 25. Qxa8+ Rxa8 26. Re1 Kf8 27. Ne4 Re8 28. Nb4 c5 29. Na6 Bc4 30. Nc7 Re7 31. g4 d5 32. Nd2 Rxc7 33. gxf5 Bb5 34. fxg6 fxg6 35. Nf3 Re7 36. Ne5 Bxe5 37. fxe5 Kf7 38. Bh4 Re8 39. Kf2 Bd7 40. Kg3 Bf5 41. Bf6 Ke6 42. h4 Ra8 43. Kf4 Ra4+ 44. Kg5 Rg4+ 45. Kh6 Re4 46. Rd1 d4 47. cxd4 cxd4 48. Rc1 d3 49. Rc6+ Kd5 50. Rd6+ Kc4 51. b3+ Kc3 52. e6+ Kc2 53. e7 d2 54. Bg5 d1=Q 55. Rxd1 Kxd1 56. Kg7 Kc2 57. Kf8 Bd7 58. b4 Kb3 59. Bc1 Rxh4 0-1


[Site "https://www.chess.com"]

[Event "Titled Tuesday Blitz December 13 Late 2022"]
[White "Droin, Augustin"]
[Black "Chigaev, Maksim"]
[WhiteFideId "45105987"]
[BlackFideId "4108116"]
[WhiteElo "2316"]
[BlackElo "2542"]
[Result "0-1"]
[Round "04"]
[TimeControl "180+1"]
[Date "2022.12.13"]
[WhiteClock "0:00:04"]
[BlackClock "0:00:10"]

1. e4 c5 2. Nf3 e6 3. d4 cxd4 4. Nxd4 Nf6 5. Nc3 Nc6 6. a3 Be7 7. Be3 O-O 8. f4 d6 9. Qf3 e5 10. Nf5 Bxf5 11. exf5 d5 12. O-O-O e4 13. Qh3 d4 14. Nb5 Bc5 15. c3 dxe3 16. Rxd8 Rfxd8 17. b4 Bb6 18. c4 a6 19. Nc3 a5 20. Na4 axb4 21. Nxb6 Rxa3 22. Nd5 e2 23. Nxf6+ gxf6 24. Qg4+ Kf8 25. Bxe2 Ra1+ 26. Kc2 Rxh1 27. c5 e3 28. Kb3 Ra1 29. Qh5 Rd4 30. Bc4 Ra3+ 31. Kb2 Rxc4 32. Qxh7 Nd4 0-1


[Site "https://www.chess.com"]

[Event "Titled Tuesday Blitz December 13 Late 2022"]
[White "Dudzinski, Pawel"]
[Black "Kamsky, Gata"]
[WhiteFideId "1117890"]
[BlackFideId "2000024"]
[WhiteElo "2099"]
[BlackElo "2666"]
[Result "0-1"]
[Round "04"]
[TimeControl "180+1"]
[Date "2022.12.14"]
[WhiteClock "0:00:00"]
[BlackClock "0:01:02"]

1. e4 e5 2. Nc3 Nf6 3. g3 Bc5 4. Bg2 d6 5. Nge2 h5 6. h3 Nc6 7. Na4 Bb6 8. Nxb6 axb6 9. d4 exd4 10. Nxd4 Nxd4 11. Qxd4 Qe7 12. c4 Qe5 13. Qxe5+ dxe5 14. Be3 Be6 15. b3 Nd7 16. a4 f6 17. O-O-O h4 18. g4 g5 19. Kc2 Ke7 20. Rd2 c5 21. Rhd1 Nb8 22. Bf1 Nc6 23. Kb2 Nd4 24. Bxd4 exd4 25. f4 gxf4 26. Rf2 Kd6 27. Rxf4 Ke5 28. Rf2 Rh6 29. Bd3 Rg8 30. Rdf1 Bd7 31. Rf3 Rg5 32. R3f2 Bc6 33. Rf5+ Ke6 34. Rxg5 fxg5 35. Rf5 Rf6 36. Rxg5 Rf3 37. Bb1 Rxh3 38. Rg6+ Ke5 39. g5 Rg3 40. Rh6 h3 41. g6 Rg2+ 42. Ka3 h2 43. g7 Rxg7 0-1


[Site "https://www.chess.com"]